 Dungeon Sprint DCSS version 0.20.1-1-g8b1a95d (webtiles) character file.

121 sanboga the Spear-Bearer (level 5, -1/72 HPs)
             Began as a Merfolk Berserker on Dec 27, 2017.
             Was a Priest of Trog.
             Slain by a flying skull (2 damage)
             ... in the Dungeon (Sprint VII: "The Pits").
             The game lasted 00:01:00 (200 turns).

sanboga the Spear-Bearer (Merfolk Berserker)         Turns: 200, Time: 00:01:00

Health: -1/72      AC:  2    Str: 23    XL:     5   Next: 5%
Magic:  5/5        EV: 14    Int:  7    God:    Trog [***...]
Gold:   0          SH:  0    Dex: 13    Spells: 4/4 levels left

rFire    . . .     SeeInvis .   a - +0 spear
rCold    . . .     Gourm    .   (no shield)
rNeg     . . .     Faith    .   b - +0 animal skin
rPois    .         Spirit   .   (no helmet)
rElec    .         Reflect  .   (no cloak)
rCorr    .         Harm     .   (no gloves)
MR       .....     NoTele   +   (no boots)
Stlth    ..........             (no amulet)
Regen    0.3/turn               (no ring)
MPRegen  0.1/turn               (no ring)

@: berserking (expiring), very quick
A: change form in water, swift swim, stealthy swim
a: Berserk, Trog's Hand, Burn Spellbooks, Renounce Religion


You were in the Dungeon.
You worshipped Trog.
Trog was most pleased with you.
You were not hungry.

You visited 1 branch

Inventory:

Hand Weapons
 a - a +0 spear (weapon)
Armour
 b - a +0 animal skin (worn)
Scrolls
 i - a scroll of blinking
 k - 3 scrolls of remove curse
 l - a scroll of summoning
Potions
 d - a potion of curing
 e - a potion of heal wounds
 f - a potion of haste
 g - 4 potions of magic
 h - 3 potions of berserk rage
 j - 2 potions of invisibility
Comestibles
 c - 8 bread rations
 m - 40 fruits
 n - 7 meat rations


   Skills:
 + Level 7.2 Fighting
 + Level 9.6 Polearms
 + Level 2.6 Armour
 + Level 4.9 Dodging


You had 4 spell levels left.
You didn't know any spells.

Dungeon Overview and Level Annotations

Branches:
Dungeon (1/1)

Altars:
Ashenzari
Cheibriados
Dithmenos
Elyvilon
Fedhas
Gozag
Hepliaklqana
Kikubaaqudgha
Makhleb
Nemelex Xobeh
Okawaru
Qazlal
Ru
Sif Muna
Trog
Uskayaw
Vehumet
Xom
Yredelemnul
Zin
The Shining One
Beogh
Jiyva
Lugonu


Message History

The quokka bites you.
* * * LOW HITPOINT WARNING * * *
The ufetubus hits you.
* * * LOW HITPOINT WARNING * * *
The ufetubus hits you.
* * * LOW HITPOINT WARNING * * *
You barely miss the flying skull.
The flying skull is heavily damaged.
The flying skull barely misses you. The ooze closely misses you.
You barely miss the ufetubus. The quokka completely misses you.
The ufetubus closely misses you. The ufetubus misses you.
The flying skull closely misses you.
You hit the ufetubus.
The ufetubus is almost dead.
The ooze completely misses you.
You puncture the ufetubus!
You kill the ufetubus!
Trog accepts your kill. The quokka barely misses you.
The flying skull hits you.
You die...

#.?(.')))'.##......#..
##########.##.........
#......(...†'.........
#+#####'#####......#..
#..#.).'.##.........
#..#...#.#####'#####
#..#####.##.......#
#.J'...#.##.......#
#.r@..†'.##.......#
#.z########...<...#
#.. #.......# #..
#.......# ###
#.......# #########


You could see a flying skull, an ooze and a quokka.

Vanquished Creatures
  A floating eye (D)
  An adder (D)
  An ufetubus (D)
  2 jackals (D)
  A quokka (D)
  A kobold (D)
7 creatures vanquished.

Notes
Turn   | Place    | Note
-------+----------+-------------------------------------------
     0 | D        | sanboga the Merfolk Berserker began the quest for the Orb.
     0 | D        | Reached XP level 1. HP: 18/18 MP: 1/1
    19 | D        | Reached skill level 5 in Polearms
    24 | D        | Found a bloodstained altar of Trog.
    24 | D        | Found a deep blue altar of Sif Muna.
    24 | D        | Found a viscous altar of Jiyva.
    24 | D        | Found a hazy altar of Hepliaklqana.
    24 | D        | Found an opulent altar of Gozag.
    26 | D        | Found a glowing golden altar of the Shining One.
    26 | D        | Found a glowing silver altar of Zin.
    26 | D        | Found a basalt altar of Yredelemnul.
    26 | D        | Found a shimmering altar of Xom.
    26 | D        | Found a sacrificial altar of Ru.
    26 | D        | Found a stormy altar of Qazlal.
    26 | D        | Found an iron altar of Okawaru.
    26 | D        | Found a sparkling altar of Nemelex Xobeh.
    26 | D        | Found a burning altar of Makhleb.
    26 | D        | Found a blossoming altar of Fedhas.
    26 | D        | Found a white marble altar of Elyvilon.
    26 | D        | Found a shadowy altar of Dithmenos.
    26 | D        | Found a snail-covered altar of Cheibriados.
    28 | D        | Found a radiant altar of Vehumet.
    28 | D        | Found a corrupted altar of Lugonu.
    28 | D        | Found a roughly hewn altar of Beogh.
    29 | D        | Found a hide-covered altar of Uskayaw.
    29 | D        | Found an ancient bone altar of Kikubaaqudgha.
    29 | D        | Found a shattered altar of Ashenzari.
    63 | D        | Noticed a floating eye
    67 | D        | Killed a floating eye
    67 | D        | Reached ** piety under Trog
    67 | D        | Reached skill level 9 in Polearms
    67 | D        | Reached XP level 2. HP: 31/31 MP: 2/2
    67 | D        | Reached XP level 3. HP: 36/36 MP: 3/3
    67 | D        | Reached XP level 4. HP: 43/43 MP: 4/4
    91 | D        | Reached XP level 5. HP: 41/48 MP: 5/5
   179 | D        | Noticed a flying skull
   196 | D        | HP: 1/72 [ufetubus (5)]
   200 | D        | Reached *** piety under Trog
   200 | D        | Slain by a flying skull

Skill      XL: |  1 |
---------------+----+-----
Polearms       | 9 |  9.6
Dodging        | 4 |  4.9
Fighting       | 7 |  7.2
Armour         | 2 |  2.6

Action                   |  1- 3 |  4- 6 || total
-------------------------+-------+-------++-------
Melee: Spear             |    11 |    31 ||    42
Invok: Berserk           |       |     1 ||     1
Armor: Animal skin       |     1 |       ||     1
Dodge: Dodged            |     6 |    45 ||    51
